 Dungeon Crawl Stone Soup version 0.21.1-1-g345015f (webtiles) character file.

62782 inmateoo the Jinx (level 14, -4/73 HPs)
             Began as a Spriggan Fire Elementalist on Feb 27, 2018.
             Was the Champion of Okawaru.
             Slain by a ghoul (26 damage)
             ... on level 13 of the Dungeon on Feb 28, 2018.
             The game lasted 01:26:36 (24764 turns).

inmateoo the Jinx (Spriggan Fire Elementalist)     Turns: 24764, Time: 01:26:36

Health: -4/73      AC:  5    Str:  4    XL:     14   Next: 65%
Magic:  6/29       EV: 27    Int: 17    God:    Okawaru [******]
Gold:   315        SH:  0    Dex: 21    Spells: 13/33 levels left

rFire    + . .     SeeInvis +   l - +8 quick blade
rCold    + . .     Gourm    .   (shield restricted)
rNeg     . . .     Faith    .   g - +0 troll leather armour {Purgy}
rPois    .         Spirit   .   U - +0 hat {SInv}
rElec    .         Reflect  .   d - +0 cloak
rCorr    .         Harm     .   (gloves unavailable)
MR       ++...                  (boots unavailable)
Stlth    ++++++....             (no amulet)
HPRegen  0.62/turn              a - ring of protection from fire
MPRegen  0.21/turn              O - ring of protection from cold

@: very quick
A: very small, unfitting armour, see invisible, herbivore, speed 3, slow
metabolism 2
a: Heroism, Finesse, Renounce Religion


You were on level 13 of the Dungeon.
You worshipped Okawaru.
Okawaru was exalted by your worship.
You were not hungry.

You visited 4 branches of the dungeon, and saw 21 of its levels.
You visited the Abyss 1 time.
You also visited: Sewer.

You collected 1406 gold pieces.
You spent 1091 gold pieces at shops.

Inventory:

Hand Weapons
 e - a +5 dagger of electrocution
 l - a +8 quick blade (weapon)
 I - a +6 blowgun
 W - the +10 quick blade of Superiority {pain, rPois}
   (Okawaru gifted it to you on level 12 of the Dungeon)

   In the hands of one skilled in necromantic magic, it inflicts extra damage on
   living creatures.
   It protects you from poison.
 Z - a +2 dagger of venom
Missiles
 r - a throwing net (quivered)
 s - 49 poisoned needles
 H - 4 curare-tipped needles
Armour
 d - a +0 cloak (worn)
 g - a +0 troll leather armour (worn) {Purgy}
 p - a +1 robe of positive energy
 U - a +0 hat of see invisible (worn)
Jewellery
 a - a ring of protection from fire (left hand)
 j - an uncursed ring of positive energy
 F - an uncursed ring of poison resistance {unknown}
 G - an uncursed ring of magical power
 O - a ring of protection from cold (right hand)
 S - an uncursed ring of protection from magic
 T - an uncursed ring of flight
 X - an uncursed ring of wizardry
Wands
 f - a wand of flame (38)
 k - a wand of random effects (68)
 D - a wand of digging (59)
 K - a wand of polymorph (7)
 L - a wand of acid (5)
 Y - a wand of paralysis (15)
Scrolls
 n - 5 scrolls of remove curse
 o - 2 scrolls of magic mapping
 u - 4 scrolls of enchant armour
 w - a scroll of fear
 y - 7 scrolls of amnesia
 N - 5 scrolls of teleportation
 R - 3 scrolls of identify
 V - a scroll of summoning
Potions
 h - 6 potions of heal wounds
 m - a potion of resistance
 q - 2 potions of ambrosia
 t - 2 potions of agility
 v - 2 potions of berserk rage
 x - a potion of might
 z - 7 potions of curing
 A - 3 potions of lignification
 C - 2 potions of haste
 E - 3 potions of flight
 J - a potion of magic
 P - a potion of mutation
 Q - 2 potions of brilliance
Books
 b - a book of Clouds

   Spells                             Type                      Level
   a - Poisonous Vapours              Poison/Air                   2
   b - Mephitic Cloud                 Conjuration/Poison/Air       3
   c - Conjure Flame                  Conjuration/Fire             3
   d - Freezing Cloud                 Conjuration/Ice/Air          6
   e - Ring of Flames                 Charms/Fire                  7
 B - a book of Summonings

   Spells                             Type                      Level
   a - Recall                         Summoning/Translocation      3
   b - Aura of Abjuration             Summoning                    5
   c - Summon Demon                   Summoning                    5
   d - Summon Forest                  Summoning/Translocation      5
   e - Summon Mana Viper              Hexes/Summoning              5
   f - Shadow Creatures               Summoning                    6
Miscellaneous
 M - a sack of spiders
Comestibles
 c - 21 rations


   Skills:
 + Level 8.2 Fighting
 - Level 10.0 Short Blades
 * Level 6.9 Throwing
 - Level 12.0 Dodging
 + Level 13.8 Stealth
 - Level 10.0 Spellcasting
 - Level 3.0 Conjurations
 + Level 14.0 Hexes
 - Level 7.0 Fire Magic
 - Level 4.0 Invocations
 - Level 6.1 Evocations


You had 13 spell levels left.
You knew the following spells:

 Your Spells              Type           Power        Failure   Level  Hunger
a - Flame Tongue          Conj/Fire      ####.        1%          1    None
b - Throw Flame           Conj/Fire      ####..       3%          2    None
c - Conjure Flame         Conj/Fire      ####....     6%          3    None
d - Sticky Flame          Conj/Fire      ####....     19%         4    ###....
e - Confuse               Hex            ######..     1%          3    None
f - Tukima's Dance        Hex            ######..     1%          3    None
g - Blink                 Tloc           N/A          22%         2    None
h - Swiftness             Chrm/Air       #.......     22%         2    None


Dungeon Overview and Level Annotations

Branches:
Dungeon (13/15)            Temple (1/1) D:6            Lair (6/6) D:11
 Shoals (0/4) Lair:3        Snake (0/4) Lair:3        Slime (0/5) Lair:6
    Orc (1/2) D:10
 Vaults: D:13-14

Altars:
Ashenzari
Cheibriados
Dithmenos
Fedhas
Gozag
Hepliaklqana
Kikubaaqudgha
Makhleb
Okawaru
Qazlal
Ru
Sif Muna
Trog
Uskayaw
Vehumet
Wu Jian
Xom
Yredelemnul
Zin
Beogh

Shops:
D:2 *   D:5 *   D:11 ?   D:13 =

Annotations:
D:3 Natasha; Terence; shakethe's ghost, weakling GrGl
D:7 Joseph
D:9 whitenoisemaker's ghost, novice MiBe
Lair:6 exclusion: 2 oklob plants


Innate Abilities, Weirdness & Mutations

You are very small and have problems with some larger weapons.
You are too small for most types of armour.
You have supernaturally acute eyesight. (SInv)
You are a herbivore.
You cover ground extremely quickly.
You need consume almost no food.


Message History

You barely miss the ghoul.
The ghoul is moderately damaged.
You hit the ghoul.
The ghoul is moderately damaged.
You hit the ghoul.
The ghoul is moderately damaged.
The ghoul is engulfed in blazing flames.
The ghoul claws you!! The ghoul misses you.
You barely miss the ghoul.
The ghoul is heavily damaged.
You are too injured to fight recklessly!
You barely miss the ghoul.
The ghoul is heavily damaged.
You are too injured to fight recklessly!
Unknown command.
You hit the ghoul.
The ghoul is heavily damaged.
The ghoul is engulfed in blazing flames.
The ghoul claws you! The ghoul claws you!!
You die...

.# .....≈≈≈≈.##.#
#.....#.# .#
.##...≈≈..##.#
#######.# .#
#..≈≈≈..##.# #.# .#
#. #..P....##.# #.#
.# #. ######.###.#
#.# .### #. #.....#
#.# ...# #. #####.#
#.#
##.####.###########.#
#.#
#.............n@...#
#..
......⌠.⌠.##########
### ####.∩..# #⌠.⌠##
#####


You could see a ghoul.

Vanquished Creatures
  Snorg (Lair:3)
  2 fire dragons
  The ghost of shakethe the Blocker, a journeyman GrFi of Okawaru (D:11)
  4 hydras
  2 centaur warriors
  2 ogre magi (D:12)
  3 two-headed ogres
  7 death yaks (Lair:6)
  Nergalle (Lair:3)
  A skeletal warrior (D:13)
  4 wizards (D:12)
  Pikel (D:7)
  An orc knight (D:10)
  A lindwurm (Lair:6)
  A necromancer (D:13)
  3 ugly things
  2 deep elf magi (D:12)
  A manticore (D:11)
  4 elephants
  6 black mambas (Lair:6)
  12 spiny frogs
  2 molten gargoyles (Lair:6)
  A smoke demon (Abyss:3)
  A naga mage (D:12)
  3 torpor snails (Lair:5)
  A water nymph (Lair:5)
  3 centaur zombies (D:13)
  6 kobold demonologists
  2 rime drakes (Lair:2)
  16 komodo dragons
  2 trolls
  2 polar bears
  A hornet (D:12)
  Prince Ribbit (D:7)
  12 dream sheep
  2 slime creatures (D:13)
  11 blink frogs
  11 hippogriffs
  Sigmund (D:2)
  A spriggan (Lair:3)
  15 yaks
  2 shadows (D:11)
  6 basilisks
  A vampire (D:10)
  A water elemental (D:13)
  A wraith (D:10)
  2 wyverns
  A human (shapeshifter) (D:13)
  3 hogs
  A human (D:8)
  2 hungry ghosts
  A steam dragon (Lair:6)
  3 nagas (Lair:3)
  A warg (D:10)
  5 hell hounds (Lair:6)
  12 porcupines
  13 water moccasins
  4 orc warriors (D:10)
  4 black bears
  2 ice beasts
  3 sky beasts
  Purgy (Sewer)
  An eye of draining (D:11)
  2 necrophages
  8 centaurs
  2 slaves (D:7)
  4 ogres
  6 phantoms
  3 wolves (Lair:3)
  11 crocodiles
  A big kobold (D:12)
  A wyvern zombie (D:11)
  13 bullfrogs
  2 wyvern skeletons
  3 scorpions
  21 killer bees
  8 wights
  A howler monkey (D:9)
  An electric eel (Lair:1)
  2 bullfrog zombies
  5 crimson imps
  A quasit (D:12)
  3 lava snakes (Lair:6)
  A centaur skeleton (D:8)
  12 hounds
  8 orc priests
  2 bullfrog skeletons
  6 orc wizards
  Jessica (D:3)
  7 iguanas
  Ijyb (D:3)
  6 worker ants
  5 yak simulacra (D:13)
  3 polar bear simulacra (D:13)
  A wolf simulacrum (D:13)
  3 mummies (D:13)
  A howler monkey zombie (D:11)
  11 adders
  A river rat (D:4)
  3 shadow imps
  3 oozes
  2 adder zombies (D:8)
  2 worms
  6 leopard geckos
  46 orcs
  9 giant cockroaches
  3 goblins (D:1)
  8 hobgoblins
  7 jackals
  14 kobolds
  6 quokkas
  5 ball pythons
  12 bats
  8 frilled lizards
  A giant cockroach zombie (D:6)
  2 jackal skeletons
  A leopard gecko zombie (D:2)
  10 rats
  2 river rat simulacra (D:13)
  A plant (D:11)
542 creatures vanquished.

Vanquished Creatures (collateral kills)
  A two-headed ogre (D:12)
  2 elephants (Lair:4)
  An ogre (D:8)
  An adder skeleton (D:8)
  A fungus (Lair:4)
6 creatures vanquished.

Vanquished Creatures (others)
  An elephant (Lair:4)
  A dancing weapon (D:9)
  11 fungi
  10 plants
  2 starspawn tentacles (Abyss:3)
25 creatures vanquished.

Grand Total: 573 creatures vanquished

Notes
Turn   | Place    | Note
-------+----------+-------------------------------------------
     0 | D:1      | inmateoo the Spriggan Fire Elementalist began the quest for the Orb.
     0 | D:1      | Reached XP level 1. HP: 9/9 MP: 5/5
   279 | D:1      | Reached XP level 2. HP: 11/13 MP: 1/6
   395 | D:1      | Learned a level 2 spell: Throw Flame
   552 | D:1      | Reached skill level 5 in Stealth
  1009 | D:2      | Noticed Sigmund
  1020 | D:2      | Reached XP level 3. HP: 14/16 MP: 5/8
  1097 | D:2      | Reached skill level 1 in Short Blades
  1145 | D:2      | Found a shimmering altar of Xom.
  1277 | D:2      | Found Zin's Purification Station.
  1282 | D:2      | Found a glowing silver altar of Zin.
  1392 | D:2      | Learned a level 3 spell: Conjure Flame
  1460 | D:2      | Killed Sigmund
  1460 | D:2      | Reached skill level 1 in Fighting
  1460 | D:2      | Reached XP level 4. HP: 14/23 MP: 2/9
  1460 | D:2      | Reached XP level 5. HP: 16/26 MP: 2/10
  1709 | D:3      | Found a sacrificial altar of Ru.
  1712 | D:3      | Noticed shakethe's ghost (weakling GrGl)
  1873 | D:3      | Noticed Ijyb
  1887 | D:3      | Killed Ijyb
  2000 | D:3      | Reached skill level 1 in Evocations
  2000 | D:3      | Reached XP level 6. HP: 18/30 MP: 5/11
  2086 | D:3      | Noticed Jessica
  2088 | D:3      | Killed Jessica
  2177 | D:3      | Noticed Natasha
  2236 | D:3      | Learned a level 4 spell: Sticky Flame
  2291 | D:3      | Noticed Terence
  2891 | D:4      | Found a stormy altar of Qazlal.
  3121 | D:4      | Found a glowing drain.
  3127 | Sewer    | Entered a sewer
  3194 | Sewer    | Noticed Purgy
  3404 | Sewer    | Killed Purgy
  3404 | Sewer    | Reached XP level 7. HP: 35/35 MP: 6/12
  3991 | D:5      | Entered Level 5 of the Dungeon
  4200 | D:5      | Reached skill level 5 in Short Blades
  4240 | D:5      | Found a snail-covered altar of Cheibriados.
  4241 | D:5      | Found a shadowy altar of Dithmenos.
  4245 | D:5      | Found a basalt altar of Yredelemnul.
  4334 | D:5      | Found a bloodstained altar of Trog.
  4390 | D:5      | Found a radiant altar of Vehumet.
  4801 | D:5      | Reached XP level 8. HP: 25/39 MP: 4/14
  4924 | D:5      | Found Efaa's General Store.
  5297 | D:6      | You fall through a shaft for 3 floors!
  5319 | D:10     | Entered Level 10 of the Dungeon
  5359 | D:9      | Noticed a troll
  5522 | D:9      | Reached skill level 5 in Dodging
  5600 | D:7      | Noticed Pikel
  5692 | D:7      | Noticed Prince Ribbit
  5716 | D:7      | Killed Prince Ribbit
  5716 | D:7      | Reached skill level 1 in Conjurations
  6108 | D:6      | Reached XP level 9. HP: 37/44 MP: 4/16
  6115 | D:6      | Found a staircase to the Ecumenical Temple.
  6144 | Temple   | Entered the Ecumenical Temple
  6176 | Temple   | Became a worshipper of Warmaster Okawaru
  6268 | D:6      | Learned a level 3 spell: Confuse
  6354 | D:6      | Reached skill level 5 in Fire Magic
  6435 | D:6      | Reached skill level 1 in Hexes
  6439 | D:6      | Found a hide-covered altar of Uskayaw.
  6439 | D:6      | Found a hazy altar of Hepliaklqana.
  6852 | D:7      | Reached * piety under Okawaru
  6907 | D:7      | Noticed Joseph
  7107 | D:7      | Killed Pikel
  7107 | D:7      | Reached skill level 2 in Hexes
  7107 | D:7      | Reached skill level 5 in Evocations
  7171 | D:7      | Reached skill level 3 in Hexes
  7245 | D:7      | Reached ** piety under Okawaru
  7595 | D:8      | Reached XP level 10. HP: 46/49 MP: 5/18
  7658 | D:8      | Reached skill level 4 in Hexes
  7853 | D:8      | Learned a level 3 spell: Tukima's Dance
  7954 | D:8      | Reached *** piety under Okawaru
  7981 | D:8      | Learned a level 2 spell: Blink
  8016 | D:8      | Reached skill level 5 in Spellcasting
  8292 | D:8      | Noticed a two-headed ogre
  8335 | D:8      | Killed a two-headed ogre
  8735 | D:8      | Reached skill level 5 in Hexes
  8817 | D:8      | Reached skill level 10 in Stealth
  9102 | D:9      | Reached **** piety under Okawaru
  9326 | D:9      | Noticed a two-headed ogre
  9388 | D:9      | Killed a two-headed ogre
  9388 | D:9      | Reached skill level 6 in Hexes
  9480 | D:9      | Noticed whitenoisemaker's ghost (novice MiBe)
  9547 | D:9      | Reached ***** piety under Okawaru
 10167 | D:10     | Reached XP level 11. HP: 47/54 MP: 14/21
 10236 | D:10     | Found a roughly hewn altar of Beogh.
 10237 | D:10     | Found a staircase to the Orcish Mines.
 10345 | D:10     | Reached skill level 7 in Hexes
 10733 | D:10     | Reached skill level 5 in Fighting
 11047 | Orc:1    | Entered Level 1 of the Orcish Mines
 11047 | Orc:1    | Noticed an orc knight
 11047 | Orc:1    | Noticed an orc sorcerer
 11047 | Orc:1    | Noticed an orc sorcerer
 11168 | D:10     | Killed an orc knight
 11431 | D:11     | Reached skill level 8 in Hexes
 11644 | D:11     | Received a gift from Okawaru
 11733 | D:11     | Noticed a centaur warrior
 11764 | D:11     | Killed a centaur warrior
 11764 | D:11     | Reached skill level 9 in Hexes
 11764 | D:11     | Reached skill level 1 in Invocations
 11789 | D:11     | Noticed a white ugly thing
 11987 | D:11     | Noticed shakethe's ghost (journeyman GrFi)
 12024 | D:10     | Received a gift from Okawaru
 12584 | D:11     | Found Igin's Magic Scroll Emporium.
 12591 | D:11     | Bought a scroll of identify for 36 gold pieces
 12591 | D:11     | Bought a scroll of random uselessness for 18 gold pieces
 12704 | D:11     | Found a staircase to the Lair.
 12806 | D:11     | Killed a white ugly thing
 13184 | D:12     | Noticed a two-headed ogre
 13195 | D:12     | Killed a two-headed ogre
 13195 | D:12     | Reached skill level 10 in Hexes
 13293 | D:12     | Noticed a fire dragon
 13407 | D:12     | Killed a fire dragon
 13547 | D:12     | Noticed a wizard
 13554 | D:12     | Noticed a wizard
 13590 | D:12     | Noticed a wizard
 13604 | D:12     | Killed a wizard
 13679 | D:12     | Noticed a vampire mage
 13884 | D:12     | Noticed an ogre mage
 13961 | D:12     | Noticed a deep elf mage
 13973 | D:12     | Noticed a phantasmal warrior
 13974 | D:12     | Killed a deep elf mage
 13974 | D:12     | Reached skill level 11 in Hexes
 13974 | D:12     | Reached XP level 12. HP: 61/61 MP: 10/25
 14088 | D:12     | Cast into level 2 of the Abyss (a wizard)
 14194 | Abyss:3  | Noticed a rakshasa
 14249 | Abyss:3  | Noticed a tentacled starspawn
 14277 | Abyss:3  | Found a deep blue altar of Sif Muna.
 14287 | Abyss:3  | Noticed an orc high priest
 14289 | Abyss:3  | Noticed an orc high priest
 14358 | Abyss:3  | Noticed a lich
 14373 | Abyss:3  | Noticed a tentacled monstrosity
 14385 | D:12     | Escaped the Abyss
 14620 | D:12     | Noticed an ogre mage
 14621 | D:12     | Killed an ogre mage
 14651 | D:12     | Received a gift from Okawaru
 14651 | D:12     | Reached skill level 12 in Hexes
 14655 | D:12     | Got a twisted quick blade {god gift}
 14656 | D:12     | Identified the +10 quick blade of Superiority {pain, rPois} (Okawaru gifted it to you on level 12 of the Dungeon)
 14681 | D:12     | Found the +12 glaive of Prune {chop}
 14869 | Lair:1   | Entered Level 1 of the Lair of Beasts
 15140 | Lair:1   | Identified a scroll of acquirement
 15800 | Lair:2   | Received a gift from Okawaru
 15838 | Lair:2   | Learned a level 2 spell: Swiftness
 17127 | Lair:3   | Noticed Nergalle
 17130 | Lair:3   | Found a staircase to the Snake Pit.
 17174 | Lair:3   | Killed Nergalle
 17174 | Lair:3   | Reached XP level 13. HP: 66/66 MP: 22/27
 17452 | Lair:3   | Noticed Snorg
 17466 | Lair:3   | Killed Snorg
 17466 | Lair:3   | Reached ****** piety under Okawaru
 17601 | Lair:3   | Found a staircase to the Shoals.
 18105 | Lair:4   | Reached skill level 10 in Dodging
 18137 | Lair:4   | Received a gift from Okawaru
 18529 | Lair:4   | Noticed Sonja
 18533 | Lair:4   | Noticed Sonja
 18533 | Lair:4   | Sonja changed into Sonja the hog
 18543 | Lair:4   | Killed Sonja the hog
 18682 | Lair:4   | Reached skill level 13 in Hexes
 18721 | Lair:4   | Reached skill level 1 in Throwing
 19330 | Lair:5   | Found a snail-covered altar of Cheibriados.
 19342 | Lair:5   | Received a gift from Okawaru
 19345 | Lair:5   | Got a scorched short sword {god gift}
 19346 | Lair:5   | Identified the +1 short sword of Accidental Termination {venom, +Blink MP+9 Int-3 SInv} (Okawaru gifted it to you on level 5 of the Lair of Beasts)
 19659 | Lair:5   | Noticed Nessos
 19678 | Lair:5   | Noticed Nessos
 19678 | Lair:5   | Nessos changed into Nessos the water nymph
 19688 | Lair:5   | Killed Nessos the water nymph
 19826 | Lair:5   | Identified the +0 gold dragon scales "Xaint" {-Cast rPois rF+ rC+ Str+6} (You acquired it on level 5 of the Lair of Beasts)
 19925 | Lair:6   | Entered Level 6 of the Lair of Beasts
 20240 | Lair:6   | Found a staircase to the Slime Pits.
 20346 | Lair:6   | Reached skill level 10 in Short Blades
 20632 | Lair:6   | Reached skill level 10 in Spellcasting
 21019 | Lair:6   | Reached XP level 14. HP: 72/72 MP: 29/29
 21131 | Lair:6   | Received a gift from Okawaru
 21549 | Lair:6   | Found a large runed door.
 21586 | Lair:6   | Reached skill level 5 in Throwing
 21754 | Lair:6   | Found a large runed door.
 22902 | D:11     | Killed shakethe's ghost
 23909 | D:13     | Noticed a ghoul
 24180 | D:12     | Reached skill level 14 in Hexes
 24693 | D:13     | Found Ydafrak's Jewellery Shoppe.
 24699 | D:13     | Bought an uncursed amulet of regeneration for 510 gold pieces
 24699 | D:13     | Bought the ring "Osegywn" {MR+ EV+2 Str+2 Dex+2} for 527 gold pieces
 24764 | D:13     | Slain by a ghoul

Skill      XL: |  1  2  3  4  5  6  7  8  9 10 11 12 13 14 |
---------------+-------------------------------------------+-----
Stealth        | 4 5 6 7 8 9 10 11 12 13 | 13.8
Short Blades   | 3 4 5 6 8 10 | 10.0
Fighting       | 1 2 3 4 6 7 8 |  8.2
Evocations     | 1 2 3 4 5 6 |  6.1
Spellcasting   | 3 4 6 8 9 10 | 10.0
Fire Magic     | 3 4 5 7 |  7.0
Dodging        | 4 6 8 9 11 12 | 12.0
Conjurations   | 1 2 3 |  3.0
Hexes          | 3 6 11 12 13 14 | 14.0
Invocations    | 3 4 |  4.0
Throwing       | 3 6 |  6.9

Action                   |  1- 3 |  4- 6 |  7- 9 | 10-12 | 13-15 || total
-------------------------+-------+-------+-------+-------+-------++-------
Melee: Dagger            |    59 |    56 |   134 |   525 |   233 ||  1007
       Rapier            |       |    28 |   225 |       |     8 ||   261
       Quick blade       |       |       |       |   222 |   469 ||   691
 Fire: Blowgun           |       |       |       |       |    27 ||    27
 Cast: Flame Tongue      |    46 |    84 |   245 |   169 |    24 ||   568
       Throw Flame       |     3 |     2 |     2 |     8 |       ||    15
       Conjure Flame     |       |     3 |    10 |    12 |    29 ||    54
       Confuse           |       |       |     1 |   155 |   147 ||   303
       Tukima's Dance    |       |       |       |     9 |     9 ||    18
       Sticky Flame      |       |       |       |    17 |    21 ||    38
Evoke: Wand              |       |       |     2 |    23 |    25 ||    50
  Use: Scroll            |       |    11 |     3 |    15 |     7 ||    36
       Potion            |       |       |       |     2 |       ||     2
 Stab: Sleeping          |     9 |    11 |    13 |    19 |    13 ||    65
       Distracted        |       |       |     1 |     2 |     2 ||     5
       Confused          |       |       |       |    74 |    77 ||   151
  Eat: Ration            |       |     1 |     3 |     9 |     5 ||    18
Armor: Robe              |     6 |    14 |       |       |       ||    20
       Troll leather arm |       |       |    72 |    62 |    23 ||   157
       Quicksilver drago |       |       |       |     8 |       ||     8
Dodge: Dodged            |    56 |   124 |   377 |   533 |   372 ||  1462
